 Dungeon Crawl Stone Soup version 0.30.0-29-ga12c61a403 (webtiles) character file.

Game seed: 4273153608221094712

28 Graphine the Trooper (level 2, 0/24 HPs)
             Began as a Demonspawn Monk on June 24, 2023.
             Hit by a goblin thrown by Robin (3 damage)
             ... on level 2 of the Dungeon.
             The game lasted 00:02:06 (699 turns).

Graphine the Trooper (Demonspawn Monk)               Turns: 699, Time: 00:02:06

Health: 0/24       AC:  9    Str: 11    XL:     2   Next: 96%
Magic:  2/2        EV: 12    Int: 11    God:
Gold:   108        SH:  0    Dex: 15    Spells: 1/1 levels left

rFire   . . .        a - +0 falchion
rCold   . . .        d - orb {light}
rNeg    . . .        f - +0 leather armour
rPois   .            l - +0 helmet
rElec   .            k - +0 cloak
rCorr   .            (no gloves)
SInv    .            (no boots)
Will    .....        (no amulet)
Stlth   +            e - +4 ring of protection
HPRegen 0.24/turn    (no ring)
MPRegen 0.08/turn

%: no passive effects
@: attractive, glowing
A: weakness stinger 1
a: no special abilities


You were on level 2 of the Dungeon.
You visited 1 branch of the dungeon, and saw 2 of its levels.

You collected 108 gold pieces.

Inventory:

Hand Weapons
 a - a +0 falchion (weapon)
Armour
 d - an orb of light (worn)
 f - a +0 leather armour (worn)
 k - a +0 cloak (worn)
 l - a +0 helmet (worn)
Magical Staves
 j - a staff of earth
Jewellery
 e - a +4 ring of protection (left hand)
Scrolls
 b - a scroll of fear


   Skills:
 * Level 3.2 Fighting
 + Level 2.8 Long Blades
 + Level 0.4 Armour
 + Level 2.8 Dodging
 + Level 0.7 Shields
 + Level 0.2 Spellcasting
 * Level 1.0 Necromancy
 * Level 1.0 Invocations


You had one spell level left.
You didn't know any spells.
Your spell library was empty.

Dungeon Overview and Level Annotations

Branches:
Dungeon (2/15)

Altars:

Annotations:
D:2 Robin


Innate Abilities, Weirdness & Mutations

You have a small tail.


Message History

The hobgoblin hits you but does no damage.
The goblin closely misses you. The hobgoblin closely misses you.
You barely miss the goblin. You tail-slap the goblin.
You kill the goblin!
The hobgoblin hits you. The goblin hits you but does no damage.
The hobgoblin hits you.
You hit the goblin.
You kill the goblin!
The hobgoblin no longer looks unusually strong.
The hobgoblin hits you.
* * * LOW HITPOINT WARNING * * *
The hobgoblin misses you.
Okay, then.
You barely miss the hobgoblin. You tail-slap the hobgoblin.
You kill the hobgoblin!
The hobgoblin no longer looks unusually strong.
The hobgoblin hits you but does no damage.
Robin roars a battlecry!
The hobgoblins go into a battle-frenzy!
The hobgoblin closely misses you. The hobgoblin hits you.
* * * LOW HITPOINT WARNING * * *
You hear a shout!
You hear an angry hiss.
Unknown command.
Sorry, you're not good enough to have a special ability.
It was a potion of attraction.
You feel attractive to monsters.
The hobgoblin no longer looks unusually strong.
The hobgoblin misses you. The hobgoblin barely misses you.
Robin laughs in a distinctly smug fashion.
You hit the hobgoblin.
You tail-slap the hobgoblin, but do no damage.
The hobgoblin is almost dead.
A goblin comes into view. It is wielding a +0 dagger.
The hobgoblin barely misses you. The goblin is attracted toward you.
Robin is attracted toward you.
You slash the hobgoblin!
You kill the hobgoblin!
The hobgoblin hits you but does no damage.
The hobgoblin barely misses you. Robin throws the goblin at you!
You die...

#.#
#.#####
#<# #
#....)#
#.#
#.#.....#
#.#
#.......#
#.#
####....#
#.#
#....#
#..
#.)..#
#.#
#..)g#
#.#
#..)@#
#....?gg#
#.#####g#
... .g
.## g.#
ยง.# ...
...#


You could see Robin, 4 hobgoblins and a goblin.

Vanquished Creatures
  An adder (D:2)
  A ball python (D:1)
  An endoplasm (D:1)
  A giant cockroach (D:1)
  8 goblins
  3 hobgoblins
  A bat (D:1)
  A frilled lizard (D:1)
  A kobold (D:2)
  2 rats (D:1)
20 creatures vanquished.

Notes
Turn   | Place    | Note
-------+----------+-------------------------------------------
     0 | D:1      | Graphine the Demonspawn Monk began the quest for the Orb.
     0 | D:1      | Reached XP level 1. HP: 18/18 MP: 1/1
   340 | D:1      | Gained mutation: You have a small tail. [demonic ancestry]
   340 | D:1      | Reached XP level 2. HP: 24/24 MP: 2/2
   655 | D:2      | Reached skill level 1 in Necromancy
   655 | D:2      | Reached skill level 1 in Invocations
   680 | D:2      | Noticed Robin
   699 | D:2      | Hit by a goblin thrown by Robin

Illustrated notes

Levels and vault maps discovered:
D:1:      dpeg_arrival_short_road, layout_basic, dk_noncrumbling_2
D:2:      layout_basic, basic_altar, shapermc_ecumenical_altar_flowoftime,
          uniq_natasha, uniq_robin

Skill      XL: |  1  2 |
---------------+-------+-----
Necromancy     | 1 |  1.0
Invocations    | 1 |  1.0
Fighting       | |  3.2
Long Blades    | |  2.8
Armour         | |  0.4
Dodging        | |  2.8
Shields        | |  0.7
Spellcasting   | |  0.2

Action                     || total
---------------------------++-------
  Melee: Falchion          ||    49
         Tailslap          ||     3
    Use: Scroll            ||     4
         Potion            ||     2
 Armour: Leather armour    ||    38
  Dodge: Dodged            ||    49
